 Dungeon Crawl Stone Soup version 0.27-a0-262-gc50aac273e (webtiles) character file.

Game seed: 10049573094807635699

77 Mesmaeker13 the Firebug (level 4, -1/24 HPs)
             Began as a Deep Elf Fire Elementalist on Feb 4, 2021.
             Slain by a hobgoblin
             ... wielding a +0 club
             ... led by Robin
              (4 damage)
             ... on level 3 of the Dungeon.
             The game lasted 00:02:34 (2208 turns).

Mesmaeker13 the Firebug (DEFE)                      Turns: 2208, Time: 00:02:35

Health: -1/24      AC:  0    Str:  5    XL:     4   Next: 14%
Magic:  7/11       EV: 15    Int: 21    God:
Gold:   71         SH:  0    Dex: 15    Spells: 6/10 levels left

rFire    . . .     SeeInvis .   (weapon currently unavailable)
rCold    . . .     Faith    .   (shield currently unavailable)
rNeg     . . .     Spirit   .   (armour currently unavailable)
rPois    .         Reflect  .   (helmet currently unavailable)
rElec    .         Harm     .   (cloak currently unavailable)
rCorr    .         Rampage  .   (gloves currently unavailable)
Will     .....                  (boots currently unavailable)
Stlth    ++........             (no amulet)
HPRegen  0.08/turn              (ring currently unavailable)
MPRegen  0.12/turn              (ring currently unavailable)

@: pig-form, very quick
A: small
a: no special abilities


You were on level 3 of the Dungeon.
You were a filthy swine.
You visited 1 branch of the dungeon, and saw 3 of its levels.

You collected 71 gold pieces.

Inventory:

Hand Weapons
 c - a +0 hand axe
 h - a +0 dagger (melded)
Armour
 f - a +0 cloak (melded)
 k - a +2 pair of gloves (melded)
 m - a +2 leather armour of cold resistance (melded)
Scrolls
 b - a scroll of identify {unknown}
 d - a scroll of noise {unknown}
 j - a scroll of immolation {unknown}
 o - a scroll of fog {unknown}
Potions
 e - 2 potions of mutation {unknown}
 g - a potion of brilliance {unknown}
 i - a potion of cancellation {unknown}
 l - a potion of lignification {unknown}
 n - a potion of experience {unknown}


   Skills:
 - Level 1.2 Axes
 + Level 2.9 Dodging
 - Level 2.6 Stealth
 + Level 3.6 Spellcasting
 + Level 1.8 Conjurations
 + Level 4.1 Fire Magic


You had 6 spell levels left.
You knew the following spells:

 Your Spells              Type           Power        Failure   Level
a - Foxfire               Conj/Fire      64%          3%          1
b - Conjure Flame         Conj/Fire      16%          11%         3

Your spell library contained the following spells:

 Spells                   Type           Power        Failure   Level
 Inner Flame              Hex/Fire       12%          16%         3
 Sticky Flame             Conj/Fire      16%          36%         4
 Fireball                 Conj/Fire      8%           71%         5


Dungeon Overview and Level Annotations

Branches:
Dungeon (3/15)

Altars:

Annotations:
D:3 Robin


Message History

You barely miss the goblin.
The hobgoblin no longer looks unusually strong.
The goblin no longer looks unusually strong.
Robin throws the goblin at you! The goblin closely misses you. x2
You barely miss the goblin.
The goblin no longer looks unusually strong.
The goblin hits you but does no damage. The goblin closely misses you.
The goblin hits you with a +0 club.
You hit the goblin.
The goblin is heavily wounded.
The goblin misses you. The hobgoblin closely misses you. The goblin hits you.
* * * LOW HITPOINT WARNING * * *
Unknown command.
You closely miss the goblin.
The goblin is heavily wounded.
The goblin hits you with a +0 club.
* * * LOW HITPOINT WARNING * * *
The goblin barely misses you. The hobgoblin closely misses you.
The goblin completely misses you. The hobgoblin hits you with a +0 club.
You die...

## #....## .# #.#
...##.....##.# ### #.#
...#.........# ##.###.#
##.......?..####.g.##.#
............'.........)
#.....)†.g.####.......
.#....g..## ##..###.
##ggg..## ##.# #.
##hgg## #.###. ##g##
#..... #.# ###.##
#[############.#
##.#.........##.#
##....#######.##.#
#.....# #........#
#####....###.###.####
.............# #.#


You could see Robin, 2 hobgoblins and 5 goblins.

Vanquished Creatures
  2 adders (D:2)
  An ooze (D:2)
  A worm (D:2)
  A ball python (D:1)
  5 bats
  2 giant cockroaches (D:1)
  6 goblins
  7 hobgoblins
  9 jackals
  A quokka (D:2)
  2 frilled lizards
  6 kobolds
  3 rats
46 creatures vanquished.

Vanquished Creatures (others)
  111 foxfires
111 creatures vanquished.

Grand Total: 157 creatures vanquished

Notes
Turn   | Place    | Note
-------+----------+-------------------------------------------
     0 | D:1      | Mesmaeker13 the Deep Elf Fire Elementalist began the quest
                  | for the Orb.
     0 | D:1      | Reached XP level 1. HP: 10/10 MP: 6/6
   287 | D:1      | Reached XP level 2. HP: 15/15 MP: 2/8
  1215 | D:2      | Reached XP level 3. HP: 19/19 MP: 6/9
  1341 | D:2      | Reached skill level 1 in Axes
  1563 | D:2      | Reached skill level 4 in Fire Magic
  1941 | D:2      | Reached XP level 4. HP: 24/24 MP: 6/11
  2082 | D:2      | Learned a level 3 spell: Conjure Flame
  2182 | D:3      | Noticed Robin
  2208 | D:3      | Slain by a hobgoblin

Illustrated notes

Levels and vault maps discovered:
D:1:      minmay_arrival_four_loops, layout_basic
D:2:      layout_basic
D:3:      lemuel_castle_with_subvaults [lemuel_castle_interior_carwin_2],
          layout_loops_corners, grunt_temple_overflow_magic_moments,
          elyvilon_altar_1, nzn_hepliaklqana_mist_gate,
          chequers_ecumenical_altar_simple, uniq_robin

Skill      XL: |  1  2  3 |
---------------+----------+-----
Axes           | 1 |  1.2
Fire Magic     | 4 |  4.1
Dodging        | |  2.9
Stealth        | |  2.6
Spellcasting   | |  3.6
Conjurations   | |  1.8

Action                   |  1- 3 |  4- 6 || total
-------------------------+-------+-------++-------
Melee: Hand axe          |     6 |       ||     6
       Unarmed           |       |     5 ||     5
 Cast: Foxfire           |    58 |    11 ||    69
Armor: Robe              |     9 |       ||     9
       Leather armour    |       |     5 ||     5
Dodge: Dodged            |    22 |    17 ||    39

Table legend: (Time is in decaauts)
 A = Elapsed time spent in this place.
 B = Non-inter-level travel time spent in this place.
 C = Inter-level travel time spent in this place.
 D = Time resting spent in this place.
 E = Time spent auto-exploring this place.
 F = Levels seen in this place.
 G = Mean time per level.
                   A        B        C        D        E       F      G
               +--------+--------+--------+--------+--------+-----+--------+
         Total |   2207 |   2151 |     56 |    219 |   1585 |   3 |  735.7 |
       Dungeon |   2207 |   2151 |     56 |    219 |   1585 |   3 |  735.7 |
               +--------+--------+--------+--------+--------+-----+--------+

Top non-repeatable levels by time:
     D:1: 1052 daAuts
     D:2: 1030 daAuts
     D:3: 124 daAuts
